 Dungeon Crawl Stone Soup version 0.25.0-10-g039870ee82 (webtiles) character file.

Game seed: 8400242926399951342

140 Kold the Changer (level 5, 0/33 HPs)
             Began as an Octopode Transmuter on June 23, 2020.
             Was a Follower of Cheibriados.
             Killed by nerve-wracking pain
             ... invoked by a shadow imp
             ... summoned by Natasha
              (4 damage)
             ... on level 3 of the Dungeon.
             The game lasted 00:04:49 (3120 turns).

Kold the Changer (Octopode Transmuter)              Turns: 3120, Time: 00:04:49

Health: 0/33       AC:  0    Str: 11    XL:     5   Next: 23%
Magic:  8/8        EV: 15    Int: 19    God:    Cheibriados [*.....]
Gold:   93         SH:  0    Dex: 14    Spells: 2/8 levels left

rFire    . . .     SeeInvis .     - Unarmed
rCold    . . .     Gourm    .   (shield currently unavailable)
rNeg     . . .     Faith    .   (helmet currently unavailable)
rPois    .         Spirit   .   (no amulet)
rElec    .         Reflect  .   (ring currently unavailable)
rCorr    .         Harm     .   (ring currently unavailable)
MR       .....                  (ring currently unavailable)
Stlth    ++........             (ring currently unavailable)
HPRegen  0.11/turn              (ring currently unavailable)
MPRegen  0.11/turn              (ring currently unavailable)
                                (ring currently unavailable)
                                (ring currently unavailable)

@: mighty, pig-form (expiring), slow
A: small, almost no armour, stealthy swim, (amphibious), (8 rings), (constrict
8)
a: Bend Time, Renounce Religion


You were on level 3 of the Dungeon.
You worshipped Cheibriados.
Cheibriados was aware of your devotion.
You were not hungry.
You were a filthy swine.
You visited 1 branch of the dungeon, and saw 3 of its levels.

You collected 93 gold pieces.

Inventory:

Missiles
 a - 25 arrows
Jewellery
 d - an uncursed ring of wizardry {unknown}
Scrolls
 e - 2 scrolls of remove curse
 f - 2 scrolls of fear
 g - a scroll of identify
 h - a scroll of blinking
Potions
 j - a potion of heal wounds {unknown}
 k - a potion of degeneration {unknown}
Comestibles
 c - 6 rations


   Skills:
 - Level 1.0 Fighting
 - Level 2.0 Dodging
 - Level 2.0 Stealth
 + Level 3.8 Unarmed Combat
 - Level 2.0 Spellcasting
 * Level 3.9 Transmutations
 + Level 1.9 Poison Magic


You had 2 spell levels left.
You knew the following spells:

 Your Spells              Type           Power        Failure   Level  Hunger
a - Beastly Appendage     Tmut           ###...       3%          1    #......
b - Sticks to Snakes      Tmut           ###.....     4%          2    ###....
c - Spider Form           Tmut/Pois      ##........   16%         3    ###....

Your spell library contained the following spells:

 Spells                   Type           Power        Failure   Level  Hunger
 Ice Form                 Ice/Tmut       #.......     58%         4    #####..
 Blade Hands              Tmut           ###.......   67%         5    ######.


Dungeon Overview and Level Annotations

Branches:
Dungeon (3/15)

Altars:
Cheibriados
Hepliaklqana
Nemelex Xobeh
Okawaru
Yredelemnul

Annotations:
D:3 Natasha, Sigmund


Innate Abilities, Weirdness & Mutations

You cannot wear most types of armour.
You are very stealthy in the water. (Stealth+)
((You are amphibious.))
((You can wear up to eight rings at the same time.))
((You can use your tentacles to constrict eight enemies at once.))
((Your skin changes colour to match your surroundings (Stealth+).))
((Your rubbery body absorbs attacks. (AC +1, EV +1)))


Message History

Natasha is moderately wounded.
Your transformation is almost over.
Natasha claws you.
You can't do that in your present form.
You hit Natasha but do no damage.
Natasha is moderately wounded.
Natasha casts a spell.
You closely miss Natasha.
Natasha is moderately wounded.
Natasha casts a spell at you. The magic dart hits you!
* * * LOW HITPOINT WARNING * * *
You closely miss Natasha.
Natasha is moderately wounded.
Natasha zaps a wand.
It was a potion of might.
You feel very mighty all of a sudden. The shadow imp gestures at you.
Pain shoots through your body!
You die...

#
#...##.....##.##
#.#.####.####..#
#.#............#
#.#.###)##.....#
#.#.##.....#####
#.#.##.##.##
#.........#
#...h...#.#
#.#..h5..##.##
#..............#
###.#.#.#..###.##
#.#.#.#.......##
# .##.#........#
#. #.#.#..#(#.#
#. #.#.#......#
## #.#.#<#.....#
#.#.#######


You could see Natasha and a shadow imp (summoned).

Vanquished Creatures
  Natasha (twice) (D:3)
  An adder (D:2)
  5 worms
  2 dart slugs
  An orc (D:3)
  5 giant cockroaches
  7 goblins
  7 hobgoblins
  4 jackals (D:1)
  3 quokkas
  5 bats
  5 frilled lizards
  9 kobolds
  8 rats
64 creatures vanquished.

Notes
Turn   | Place    | Note
-------+----------+-------------------------------------------
     0 | D:1      | Kold the Octopode Transmuter began the quest for the Orb.
     0 | D:1      | Reached XP level 1. HP: 13/13 MP: 3/3
   108 | D:1      | Reached skill level 1 in Stealth
   108 | D:1      | Reached XP level 2. HP: 17/18 MP: 5/5
   943 | D:1      | Reached XP level 3. HP: 23/23 MP: 4/6
  1044 | D:1      | Learned a level 2 spell: Sticks to Snakes
  1066 | D:1      | Learned a level 3 spell: Spider Form
  1896 | D:2      | Found a sparkling altar of Nemelex Xobeh.
  1898 | D:2      | Found an iron altar of Okawaru.
  1898 | D:2      | Found a snail-covered altar of Cheibriados.
  1910 | D:2      | Reached XP level 4. HP: 14/28 MP: 5/7
  1923 | D:2      | Became a worshipper of Cheibriados the Contemplative
  2092 | D:2      | Found a hazy altar of Hepliaklqana.
  2124 | D:2      | Reached skill level 1 in Poison Magic
  2535 | D:2      | Reached * piety under Cheibriados
  2760 | D:3      | Found a basalt altar of Yredelemnul.
  2889 | D:3      | Noticed Natasha
  2895 | D:3      | Killed Natasha
  2977 | D:3      | Reached XP level 5. HP: 18/33 MP: 6/8
  3014 | D:3      | Noticed Natasha
  3022 | D:3      | Killed Natasha
  3030 | D:3      | Noticed Sigmund
  3104 | D:3      | Noticed Natasha
  3120 | D:3      | Killed from afar by a shadow imp

Illustrated notes

Levels and vault maps discovered:
D:1:      dpeg_arrival_orchard, layout_basic
D:2:      layout_loops_ring, lemuel_round_altar, grunt_temple_overflow_open,
          first_ration
D:3:      layout_basic, old_standard_altar, xom_teletrap_fun,
          gup_sewer_entry_spiral, trog_butcher_becter, uniq_sigmund,
          uniq_natasha

Skill      XL: |  1  2  3  4 |
---------------+-------------+-----
Stealth        | 1 2 |  2.0
Transmutations | 3 |  3.9
Poison Magic   | 1 |  1.9
Fighting       | |  1.0
Dodging        | |  2.0
Unarmed Combat | |  3.8
Spellcasting   | |  2.0

Action                   |  1- 3 |  4- 6 || total
-------------------------+-------+-------++-------
Melee: Unarmed           |    79 |    73 ||   152
       Constrict         |    23 |    21 ||    44
       Punch             |     3 |     2 ||     5
       Tentacles         |    15 |    11 ||    26
       Kick              |     6 |     6 ||    12
 Cast: Beastly Appendage |     9 |     9 ||    18
  Use: Scroll            |       |     5 ||     5
       Potion            |       |     1 ||     1
 Stab: Sleeping          |     7 |    10 ||    17
  Eat: Chunk             |     3 |     3 ||     6
Armor: Skin              |     5 |     5 ||    10
Dodge: Dodged            |    33 |    56 ||    89
